 Dungeon Crawl Stone Soup version 0.28-a0-580-ga2639ab843 (webtiles) character file.

Game seed: 5794464511939172773

480 willcat the Sneak (level 7, -9/52 HPs)
             Began as a Human Delver on Oct 3, 2021.
             Mangled by a gnoll sergeant (11 damage)
             ... on level 5 of the Dungeon.
             The game lasted 00:02:40 (1029 turns).

willcat the Sneak (Human Delver)                    Turns: 1029, Time: 00:02:42

Health: -9/52      AC:  3    Str: 12    XL:     7   Next: 34%
Magic:  6/6        EV: 17    Int: 13    God:
Gold:   10         SH:  0    Dex: 14    Spells: 6/6 levels left

rFire   . . .      SeeInvis .   a - +0 short sword
rCold   . . .      Faith    .   (no shield)
rNeg    . . .      Spirit   .   b - +0 leather armour
rPois   .          Reflect  .   (no helmet)
rElec   .          Harm     .   (no cloak)
rCorr   .          Rampage  .   (no gloves)
Will    .....                   (no boots)
Stlth   +++.......              (no amulet)
HPRegen 0.17/turn               m - +4 ring of evasion
MPRegen 0.10/turn               (no ring)

@: no status effects
A: low mp 1
a: no special abilities


You were on level 5 of the Dungeon.
You visited 1 branch of the dungeon, and saw 2 of its levels.

You collected 10 gold pieces.

Inventory:

Hand Weapons
 a - a +0 short sword (weapon)
Missiles
 i - 3 poisoned darts (quivered)
Armour
 b - a +0 leather armour (worn)
 l - a +0 chain mail
Jewellery
 m - a +4 ring of evasion (left hand)
Wands
 g - a wand of digging (1)
 h - a wand of paralysis (6)
Scrolls
 c - 2 scrolls of fog
 d - a scroll of magic mapping
Potions
 f - 2 potions of haste


   Skills:
 - Level 3.0 Fighting
 + Level 4.1 Short Blades
 + Level 4.1 Dodging
 + Level 6.4 Stealth
 + Level 2.9 Evocations


You had 6 spell levels left.
You didn't know any spells.
Your spell library contained the following spells:

 Spells                   Type           Power      Damage    Failure   Level
 Corpse Rot               Necr/Air       N/A        N/A       52%         2
 Dispel Undead            Necr           0%         3d6       98%         4
 Death Channel            Necr           0%         N/A       100%        6


Dungeon Overview and Level Annotations

Branches:
Dungeon (6/15)
 Temple: D:4-7

Altars:


Innate Abilities, Weirdness & Mutations

Your magical capacity is low. (-10% MP)


Message History

It was a potion of mutation.
You feel extremely strange.
You feel less energetic.
Unknown command.
Okay, then.
Okay, then.
Throw: 5 darts (poison)
Press: ? - help, Q - select action, (/) - cycle Shift-Dir - straight line, f - orc
Aim: an orc, wielding a +0 dagger and wearing a +0 scale mail (63% to hit)
You throw a poisoned dart. The poisoned dart hits the orc.
The orc is poisoned.
Unknown command.
Unknown command.
Throw: 4 darts (poison)
Press: ? - help, Q - select action, (/) - cycle Shift-Dir - straight line, f/p - orc
Aim: an orc, wielding a +0 dagger and wearing a +0 scale mail (poisoned, 63% to hit)
You throw a poisoned dart.
The poisoned dart barely misses the orc.
The poisoned dart hits the scorpion.
The scorpion is poisoned.
An orc wizard comes into view. It is wielding a +0 dagger.
The orc misses you.
Unknown command.
You hit the orc.
The orc is severely wounded.
The orc hits you with a +0 dagger.
* * * LOW HITPOINT WARNING * * *
Unknown command.
You hit something but do no damage. Something hits you.
* * * LOW HITPOINT WARNING * * *
Unknown command.
Aiming: Dig
Press: ? - help, Shift-Dir - straight line, p - orc A rock wall.
Okay, then.
Aiming: Dig
Press: ? - help, Shift-Dir - straight line, p - orc A rock wall.
The rock shatters into small pieces.
The orc barely misses you. Something hits you but does no damage.
An orc comes into view. It is wielding a +0 short sword.
The gnoll sergeant hits you from afar with a +0 spear!
You die...

#g# #.#
#.# #.##
..#####.g#
.........#
.######g##
##.## #@##
#o#.# .s#
#.# oo(#
#.# .....
#.# ....
#.# ...
#.# ### #.


You could see a gnoll sergeant, a scorpion (poisoned), an orc wizard, a gnoll
and 2 orcs.

Vanquished Creatures
  A water moccasin (D:6)
  An ice beast (D:5)
  A necrophage (D:5)
  A kobold brigand (D:6)
  A bullfrog (D:6)
  A jelly (D:6)
  A howler monkey zombie (D:6)
  A gnoll (D:5)
  An adder (D:6)
  5 kobolds (D:6)
14 creatures vanquished.

Notes
Turn   | Place    | Note
-------+----------+-------------------------------------------
     0 | D:5      | willcat the Human Delver began the quest for the Orb.
     0 | D:5      | Reached XP level 1. HP: 18/18 MP: 1/1
     6 | D:5      | Noticed a gnoll sergeant
    56 | D:6      | Noticed a jelly
    63 | D:6      | Killed a jelly
    64 | D:6      | Reached XP level 2. HP: 24/24 MP: 2/2
    64 | D:6      | Reached XP level 3. HP: 29/29 MP: 3/3
   192 | D:6      | Noticed a water moccasin
   199 | D:6      | Killed a water moccasin
   200 | D:6      | Reached skill level 1 in Evocations
   200 | D:6      | Reached XP level 4. HP: 35/35 MP: 4/4
   200 | D:6      | Reached XP level 5. HP: 41/41 MP: 5/5
   450 | D:6      | Noticed a kobold brigand
   468 | D:6      | HP: 2/41 [kobold brigand (4)]
   473 | D:6      | Killed a kobold brigand
   474 | D:6      | Reached skill level 6 in Stealth
   474 | D:6      | Reached XP level 6. HP: 8/47 MP: 6/6
   973 | D:5      | Noticed a necrophage
   984 | D:5      | Noticed an ice beast
  1003 | D:5      | Killed a necrophage
  1004 | D:5      | Reached XP level 7. HP: 40/52 MP: 7/7
  1024 | D:5      | Gained mutation: Your magical capacity is low. (-10% MP)
                  | [potion of mutation]
  1028 | D:5      | HP: 2/52 [something (2)]
  1029 | D:5      | Mangled by a gnoll sergeant

Illustrated notes

Levels and vault maps discovered:
D:5:      layout_rooms, gammafunk_temple_overflow_claw
D:6:      layout_loops_corners, minmay_misc_feat_alley, kennysheep_small_spiral

Skill      XL: |  1  2  3  4  5  6  7 |
---------------+----------------------+-----
Short Blades   | 3 4 |  4.1
Dodging        | 3 4 |  4.1
Evocations     | 1 2 |  2.9
Stealth        | 6 |  6.4
Fighting       | |  3.0

Action                   |  1- 3 |  4- 6 |  7- 9 || total
-------------------------+-------+-------+-------++-------
Melee: Short sword       |     3 |    69 |     4 ||    76
Throw: Dart              |       |       |     7 ||     7
Evoke: Wand              |     2 |     7 |     4 ||    13
  Use: Potion            |       |     2 |     1 ||     3
       Scroll            |       |       |     1 ||     1
 Stab: Paralysed         |     3 |     4 |     2 ||     9
       Sleeping          |       |     1 |       ||     1
Armor: Leather armour    |     1 |     7 |     1 ||     9
Dodge: Dodged            |       |    43 |     6 ||    49

Table legend: (Time is in decaauts)
 A = Elapsed time spent in this place.
 B = Non-inter-level travel time spent in this place.
 C = Inter-level travel time spent in this place.
 D = Time resting spent in this place.
 E = Time spent auto-exploring this place.
 F = Levels seen in this place.
 G = Mean time per level.
                   A        B        C        D        E       F      G
               +--------+--------+--------+--------+--------+-----+--------+
         Total |   1022 |    959 |     63 |    166 |    563 |   2 |  511.0 |
       Dungeon |   1022 |    959 |     63 |    166 |    563 |   2 |  511.0 |
               +--------+--------+--------+--------+--------+-----+--------+

Top non-repeatable levels by time:
     D:6: 951 daAuts
     D:5: 71 daAuts
